 Dungeon Sprint DCSS version 0.29-a0-97-g88c9fad16d (webtiles) character file.

Game seed: 7711036449636883345

23958 mhtbhm the Phalangite (level 13, -1/124 HPs)
             Began as a Merfolk Gladiator on Feb 13, 2022.
             Was an Initiate of Gozag.
             Slain by a tengu reaver (18 damage)
             ... in the Dungeon (Sprint IX: "|||||||||||||||||||||||||||||").
             The game lasted 00:07:40 (4052 turns).

mhtbhm the Phalangite (Merfolk Gladiator)           Turns: 4052, Time: 00:07:41

Health: -1/124     AC: 22    Str: 25    XL:     13   Next: 10%
Magic:  13/13      EV: 16    Int:  7    God:    Gozag
Gold:   1588       SH:  0    Dex: 18    Spells: 12/12 levels left

rFire   + + .      SeeInvis .   a - +2 halberd "Transmigrator" {elec, rN+ Str+5}
rCold   . . .      Faith    .   (shield currently unavailable)
rNeg    + . .      Spirit   .   b - +1 chain mail {rF+}
rPois   .          Reflect  .   c - +0 helmet
rElec   +          Harm     .   F - +0 cloak of Ycyphugi {Fly rElec rF+ Will+}
rCorr   .          Rampage  .   D - +1 pair of gloves
Will    +....      NoTele   +   n - +0 pair of boots
Stlth   +++.......              (no amulet)
HPRegen 0.30/turn               p - +2 ring of protection
MPRegen 0.13/turn               o - +3 ring of dexterity

@: gold aura, flying
A: (nimble swimmer 2), mertail
a: Renounce Religion, Potion Petition, Call Merchant, Bribe Branch


You were in the Dungeon.
You worshipped Gozag.
Gozag was most pleased with you.
You visited 1 branch You collected 7721 gold pieces.
You spent 3392 gold pieces at shops.
You paid 2741 gold pieces to Gozag.

Inventory:

Hand Weapons
 a - the +2 halberd "Transmigrator" (weapon) {elec, rN+ Str+5}
   (You found it in the Dungeon)

   It occasionally discharges a powerful burst of electricity upon striking a
   foe.
   Str:       It affects your strength (+5).
   rN:        It protects you from negative energy.
 z - the +8 demon blade "Leech" {vamp, Harm Drain rN+}
   (You bought it in a shop in the Dungeon)

   It heals its wielder for a portion of the damage dealt every time it strikes
   a living foe.
   rN:        It protects you from negative energy.
   Drain:     It drains your maximum health when unequipped.
   Harm:      It increases damage dealt and taken.
Missiles
 d - 6 throwing nets (quivered)
Armour
 b - a +1 chain mail of fire resistance (worn)
 c - a +0 helmet (worn)
 n - a +0 pair of boots (worn)
 w - a +1 tower shield
 D - a +1 pair of gloves (worn)
 F - the +0 cloak of Ycyphugi (worn) {Fly rElec rF+ Will+}
   (You bought it in a shop in the Dungeon)

   rF:        It protects you from fire.
   rElec:     It insulates you from electricity.
   Fly:       It grants you flight.
   Will:      It increases your willpower.
Jewellery
 o - a +3 ring of dexterity (right hand)
 p - a +2 ring of protection (left hand)
 A - a ring of protection from fire
 B - a ring of ice
 C - a ring of see invisible
Wands
 l - a wand of iceblast (5)
 m - a wand of flame (16)
Scrolls
 g - a scroll of identify
 j - 3 scrolls of blinking
 k - 2 scrolls of amnesia
 r - a scroll of summoning
 s - 3 scrolls of fear
 t - 3 scrolls of enchant armour
 u - 2 scrolls of enchant weapon
 v - 4 scrolls of fog
 x - a scroll of immolation
 y - a scroll of magic mapping
Potions
 e - 7 potions of curing
 f - 4 potions of heal wounds
 h - 4 potions of magic
 i - a potion of mutation
 q - 2 potions of might
 E - a potion of brilliance


   Skills:
 + Level 18.4 Fighting
 + Level 25.2 Polearms
 + Level 3.3 Throwing
 + Level 12.7 Armour
 + Level 13.2 Dodging
 + Level 15.3 Stealth
 + Level 3.0 Evocations


You had 12 spell levels left.
You didn't know any spells.
Your spell library was empty.

Dungeon Overview and Level Annotations

Branches:
Dungeon (1/1)

Altars:
Cheibriados
Dithmenos
Elyvilon
Fedhas
Gozag
Hepliaklqana
Kikubaaqudgha
Makhleb
Nemelex Xobeh
Okawaru
Qazlal
Ru
Sif Muna
Trog
Uskayaw
Vehumet
Wu Jian
Xom
Yredelemnul
Zin
The Shining One
Beogh
Jiyva
Lugonu

Shops:
D [?((*


Innate Abilities, Weirdness & Mutations

((You are very nimble when in or above water. (Stealth+, EV+, Speed+++)))
Your lower body shifts to a powerful aquatic tail in water.


Message History

You feel very sick.
You closely miss the tengu reaver.
The tengu reaver is heavily wounded.
You feel very sick.
The tengu reaver is distracted by your dazzling golden aura.
The tengu reaver shouts!
You impale the tengu reaver!!
The tengu reaver is no longer distracted by gold.
The tengu reaver is severely wounded.
You feel very sick.
The tengu reaver points at you and mumbles some strange words.
The bolt of poison misses you.
You feel better.
The tengu reaver gestures at you while chanting.
The bolt of poison misses you. The tengu reaver blocks your attack.
The tengu reaver is severely wounded.
The tengu reaver hits you but does no damage.
The tengu reaver pecks you.
The tengu reaver claws you but does no damage.
You hit the tengu reaver but do no damage.
The tengu reaver is heavily wounded.
You puncture the tengu reaver!
The tengu reaver is severely wounded.
The tengu reaver points at you and mumbles some strange words.
The bolt of poison hits you!!
You are poisoned.
* * * LOW HITPOINT WARNING * * *
You miss the tengu reaver.
The tengu reaver is severely wounded.
* * * LOW HITPOINT WARNING * * *
You feel very sick. The tengu reaver closely misses you.
The tengu reaver pecks you but does no damage.
The tengu reaver claws you!
* * * LOW HITPOINT WARNING * * *
You feel better.
The tengu reaver hits you with a +2 war axe!!
You die...
Your body crumbles into a pile of gold.

▓.▓.▓)▓.▓[▓.▓)▓
▓.▓.▓∩▓.▓.▓.▓.▓
▓.▓.▓.▓.▓.▓.▓.▓
▓.▓.▓∩▓.▓.▓.▓.▓
▓$▓.▓.▓.▓.▓.▓[▓
▓$▓.▓∩▓.▓.▓.▓.▓
▓$▓.▓.▓.▓.▓.▓.▓
▓Q▓.▓.▓.▓.▓.▓)▓
▓@▓.▓.▓.▓.▓.▓.▓
▓$▓.▓.▓.▓.▓.▓.▓
▓.▓.▓.▓.▓'▓.▓'▓
▓∩▓.▓)▓.▓.▓.▓_▓
▓.▓.▓.▓)▓.▓.▓_▓
▓.▓.▓.▓.▓.▓.▓_▓
▓.▓.▓.▓.▓.▓.▓_▓
▓.▓.▓)▓.▓.▓.▓_▓
▓.▓.▓.▓.▓.▓.▓_▓


You could see a tengu reaver.

Vanquished Creatures
  A sphinx (D)
  A stone giant (D)
  Josephine (D)
  An ice dragon (D)
  Erolcha (D)
  Harold (D)
  A hydra (D)
  3 centaur warriors (D)
  2 two-headed ogres (D)
  A death knight (D)
  A deep troll shaman (D)
  A tengu warrior (D)
  A wizard (D)
  11 orc knights (D)
  An ugly thing (D)
  2 cyclopes (D)
  A gargoyle (D)
  5 cane toads (D)
  A rime drake (D)
  2 komodo dragons (D)
  Psyche (D)
  A tengu conjurer (D)
  A tyrant leech (D)
  A hornet (D)
  2 blink frogs (D)
  A dream sheep (shapeshifter) (D)
  A dream sheep (D)
  6 wraiths (D)
  A wyvern (D)
  A basilisk (D)
  3 vampire mosquitoes (D)
  3 water moccasins (D)
  16 orc warriors (D)
  2 wolves (D)
  4 bullfrogs (D)
  A scorpion (D)
  A killer bee (D)
  4 orc priests (D)
  A hound (D)
  An iguana (D)
  3 orc wizards (D)
  An adder (D)
  5 orcs (D)
  A bat zombie (D)
  A goblin (D)
  A quokka (D)
  2 ball pythons (D)
  A quokka zombie (D)
  A rat (D)
107 creatures vanquished.

Vanquished Creatures (others)
  A komodo dragon (D)
1 creature vanquished.

Grand Total: 108 creatures vanquished

Notes
Turn   | Place    | Note
-------+----------+-------------------------------------------
     0 | D        | mhtbhm the Merfolk Gladiator began the quest for the Orb.
     0 | D        | Reached XP level 1. HP: 16/16 MP: 1/1
    11 | D        | Reached skill level 5 in Polearms
   146 | D        | Noticed a hound
   146 | D        | Noticed an iguana
   146 | D        | Noticed a scorpion
   153 | D        | Killed a scorpion
   154 | D        | Reached skill level 8 in Polearms
   154 | D        | Reached skill level 1 in Armour
   154 | D        | Reached skill level 1 in Stealth
   154 | D        | Reached XP level 2. HP: 14/24 MP: 2/2
   154 | D        | Reached XP level 3. HP: 16/29 MP: 3/3
   154 | D        | Reached XP level 4. HP: 20/35 MP: 4/4
   453 | D        | Reached skill level 9 in Polearms
   465 | D        | Reached XP level 5. HP: 24/42 MP: 5/5
   754 | D        | Found a snail-covered altar of Cheibriados.
   754 | D        | Found a shadowy altar of Dithmenos.
   754 | D        | Found a white marble altar of Elyvilon.
   754 | D        | Found a blossoming altar of Fedhas.
   754 | D        | Found an opulent altar of Gozag.
   755 | D        | Found a hazy altar of Hepliaklqana.
   756 | D        | Found a viscous altar of Jiyva.
   757 | D        | Found an ancient bone altar of Kikubaaqudgha.
   758 | D        | Found a corrupted altar of Lugonu.
   759 | D        | Found a burning altar of Makhleb.
   760 | D        | Found a sparkling altar of Nemelex Xobeh.
   761 | D        | Found an iron altar of Okawaru.
   762 | D        | Found a stormy altar of Qazlal.
   764 | D        | Became a worshipper of Gozag Ym Sagoz the Greedy
   766 | D        | Found a sacrificial altar of Ru.
   767 | D        | Found a shimmering blue altar of Sif Muna.
   768 | D        | Found a bloodstained altar of Trog.
   769 | D        | Found a hide-covered altar of Uskayaw.
   770 | D        | Found a radiant altar of Vehumet.
   771 | D        | Found an ornate altar of the Wu Jian Council.
   772 | D        | Found a shimmering altar of Xom.
   773 | D        | Found a basalt altar of Yredelemnul.
   774 | D        | Found a glowing silver altar of Zin.
   775 | D        | Found a glowing golden altar of the Shining One.
   835 | D        | Noticed an orc warrior
   835 | D        | Noticed a hornet
   835 | D        | Noticed a gargoyle
   835 | D        | Noticed a komodo dragon
   844 | D        | Killed a komodo dragon
   845 | D        | Reached skill level 11 in Polearms
   845 | D        | Reached XP level 6. HP: 49/49 MP: 6/6
   860 | D        | Killed a gargoyle
   861 | D        | Reached skill level 5 in Fighting
   861 | D        | Reached skill level 14 in Polearms
   861 | D        | Reached skill level 10 in Dodging
   861 | D        | Reached XP level 7. HP: 44/57 MP: 7/7
   866 | D        | Killed a hornet
   867 | D        | Reached skill level 15 in Polearms
   867 | D        | Reached skill level 5 in Armour
   867 | D        | Reached skill level 5 in Stealth
   877 | D        | Reached XP level 8. HP: 65/65 MP: 8/8
   887 | D        | Noticed a centaur warrior
   887 | D        | Noticed a jumping spider
   887 | D        | Noticed a wraith
   887 | D        | Noticed a two-headed ogre
   887 | D        | Noticed a cyclops
   887 | D        | Noticed a two-headed ogre
   896 | D        | Killed a two-headed ogre
   897 | D        | Reached skill level 16 in Polearms
   906 | D        | Killed a cyclops
   907 | D        | Reached skill level 17 in Polearms
   907 | D        | Reached XP level 9. HP: 73/74 MP: 9/9
   914 | D        | Killed a two-headed ogre
   915 | D        | Reached skill level 18 in Polearms
   915 | D        | Reached skill level 10 in Stealth
   933 | D        | Killed a centaur warrior
   937 | D        | Reached XP level 10. HP: 74/85 MP: 10/10
  1195 | D        | Noticed an eight-headed hydra
  1199 | D        | Noticed a cane toad
  1208 | D        | Reached skill level 10 in Fighting
  1208 | D        | Reached skill level 19 in Polearms
  1250 | D        | Killed a ten-headed hydra
  1253 | D        | Reached skill level 1 in Evocations
  1269 | D        | Killed a cane toad
  1402 | D        | Noticed a cane toad
  1402 | D        | Noticed a cane toad
  1409 | D        | Killed a cane toad
  1410 | D        | Reached skill level 20 in Polearms
  1465 | D        | Killed a cane toad
  1479 | D        | Reached XP level 11. HP: 92/96 MP: 11/11
  1641 | D        | Reached skill level 21 in Polearms
  1782 | D        | Noticed Psyche
  1790 | D        | Killed Psyche
  1844 | D        | Noticed Erolcha
  1857 | D        | Killed Erolcha
  2098 | D        | Noticed an orc knight
  2106 | D        | Noticed an orc knight
  2111 | D        | Killed an orc knight
  2123 | D        | Noticed an orc knight
  2136 | D        | Killed an orc knight
  2137 | D        | Reached skill level 22 in Polearms
  2137 | D        | Reached skill level 10 in Armour
  2159 | D        | Killed an orc knight
  2409 | D        | Found Ceplouh's Assorted Antiques.
  2409 | D        | Noticed an orc knight
  2409 | D        | Noticed an orc knight
  2409 | D        | Noticed an orc knight
  2422 | D        | Noticed an orc knight
  2426 | D        | Killed an orc knight
  2874 | D        | Killed an orc knight
  2875 | D        | Reached skill level 15 in Fighting
  3057 | D        | Killed an orc knight
  3083 | D        | Killed an orc knight
  3084 | D        | Reached XP level 12. HP: 86/110 MP: 12/12
  3175 | D        | Reached skill level 23 in Polearms
  3347 | D        | Found Lab Habid's Antique Weapon Shop.
  3351 | D        | Found Uphifir's Antique Weapon Boutique.
  3355 | D        | Found Legal's Magic Scroll Shop.
  3412 | D        | Bought a scroll of immolation for 49 gold pieces
  3412 | D        | Bought a scroll of fear for 49 gold pieces
  3412 | D        | Bought a scroll of blinking for 105 gold pieces
  3416 | D        | Bought a scroll of magic mapping for 49 gold pieces
  3422 | D        | Bought a scroll of fog for 54 gold pieces
  3422 | D        | Bought a scroll of fog for 54 gold pieces
  3422 | D        | Bought a scroll of fear for 94 gold pieces
  3446 | D        | Bought the +8 demon blade "Leech" {vamp, Harm Drain rN+}
                  | for 2446 gold pieces
  3446 | D        | Found the +8 demon blade "Leech" {vamp, Harm Drain rN+}
  3571 | D        | Noticed Harold
  3585 | D        | Killed Harold
  3646 | D        | Noticed Josephine
  3660 | D        | Killed Josephine
  3729 | D        | Got the +2 halberd "Transmigrator" {elec, rN+ Str+5}
  3798 | D        | Bought a glimmering cloak for 275 gold pieces
  3798 | D        | Identified the +0 cloak of Ycyphugi {Fly rElec rF+ Will+}
                  | (You bought it in a shop in the Dungeon)
  3809 | D        | Bought a runed chain mail for 217 gold pieces
  3816 | D        | Noticed a centaur warrior
  3816 | D        | Noticed a centaur warrior
  3818 | D        | Reached skill level 24 in Polearms
  3818 | D        | Noticed a death knight
  3823 | D        | Noticed a tengu warrior
  3827 | D        | Killed a centaur warrior
  3828 | D        | Noticed a deep troll shaman
  3833 | D        | Noticed a stone giant
  3838 | D        | Killed a centaur warrior
  3839 | D        | Noticed an ice dragon
  3840 | D        | Noticed a sphinx
  3852 | D        | Killed a death knight
  3854 | D        | Killed a tengu warrior
  3855 | D        | Noticed a tengu reaver
  3860 | D        | Killed a deep troll shaman
  3866 | D        | Killed a stone giant
  3867 | D        | Reached skill level 15 in Stealth
  4023 | D        | Killed an ice dragon
  4024 | D        | Reached skill level 25 in Polearms
  4024 | D        | Reached XP level 13. HP: 98/122 MP: 13/13
  4027 | D        | Killed a sphinx
  4052 | D        | Slain by a tengu reaver

Illustrated notes

Levels and vault maps discovered:
D:        linesprint [early_d, line_temple, items_1, d_10, items_2, lair_1,
          lair_end, items_3, orc_1, orc_end, items_4, d_15, swamp_1, shoals_1,
          snake_1, spider_1, d_20, vaults_1, items_5, swamp_end, shoals_end,
          snake_end, spider_end, vaults_end, d_27, items_6, zot_1, zot_end,
          crypt_end, forest_end, elf_end, slime_end, tomb_end, abyss_end,
          pan_hell_end]

Skill      XL: |  1  2  3  4  5  6  7  8  9 10 11 12 |
---------------+-------------------------------------+-----
Polearms       | 8 9 11 14 15 17 18 20 22 25 | 25.2
Fighting       | 3 4 5 6 8 9 12 15 18 | 18.4
Armour         | 1 2 3 4 5 6 7 8 10 12 | 12.7
Dodging        | 6 7 9 10 11 12 13 | 13.2
Stealth        | 1 2 4 6 9 11 13 14 15 | 15.3
Throwing       | 3 |  3.3
Evocations     | 2 3 |  3.0

Action                   |  1- 3 |  4- 6 |  7- 9 | 10-12 | 13-15 || total
-------------------------+-------+-------+-------+-------+-------++-------
Melee: Trident           |    22 |    28 |       |       |       ||    50
       Halberd           |       |    22 |    61 |   457 |    25 ||   565
Invok: Potion Petition   |       |       |     1 |     4 |       ||     5
       Call Merchant     |       |       |       |     1 |       ||     1
Evoke: Wand              |       |       |       |     5 |       ||     5
  Use: Potion            |     1 |     3 |       |     5 |     2 ||    11
       Scroll            |       |       |       |     4 |       ||     4
 Stab: Invisible         |       |     3 |     7 |       |       ||    10
       Distracted        |       |       |     1 |     8 |       ||     9
       Sleeping          |       |       |       |     2 |       ||     2
Armor: Leather armour    |     5 |     4 |       |       |       ||     9
       Chain mail        |       |     2 |    13 |    72 |    14 ||   101
Dodge: Dodged            |     9 |    33 |    27 |   113 |    14 ||   196

Table legend: (Time is in decaauts)
 A = Elapsed time spent in this place.
 B = Non-inter-level travel time spent in this place.
 C = Inter-level travel time spent in this place.
 D = Time resting spent in this place.
 E = Time spent auto-exploring this place.
 F = Levels seen in this place.
 G = Mean time per level.
                   A        B        C        D        E       F      G
               +--------+--------+--------+--------+--------+-----+--------+
         Total |   3834 |   3834 |      0 |   1471 |   1035 |   1 | 3834.0 |
       Dungeon |   3834 |   3834 |      0 |   1471 |   1035 |   1 | 3834.0 |
               +--------+--------+--------+--------+--------+-----+--------+

Top non-repeatable levels by time:
       D: 3834 daAuts
